Map: Lightshade LE

Players

Strange

  • Race: Protoss Protoss

Denver - Winner!

  • Race: Zerg Zerg

Event: DreamHack SC2 Masters 2021 Winter

VOD

Have the link to the VOD?

Description

Time

  • Played on: Oct. 7, 2021, 11:01 a.m.
  • Length: 7:35

All games in this series

Show
View Real Time Build Order
Export as new Build Order

Strange Protoss 

Build Orders: 1 Gate Expand 

Get SALT Encoding   

  12  0:00  Probe  
  13  0:12  Probe  
  14  0:20  Pylon  
  14  0:24  Probe  
  15  0:38  Probe (Chrono Boost)  
  15  0:39  Gateway  
  16  0:47  Assimilator, Probe (Chrono Boost)  
  17  0:52  Probe  
  18  1:04  Probe  
  19  1:16  Probe  
  20  1:23  Nexus  
  20  1:33  Cybernetics Core  
  20  1:36  Probe  
  21  1:41  Assimilator  
  21  1:49  Probe  
  21  1:51  Pylon  
  22  2:01  Probe  
  23  2:06  Adept (Chrono Boost)  
  23  2:09  Warp Gate  
  23  2:13  Probe  
  26  2:21  Twilight Council  
  26  2:26  Probe (Chrono Boost)  
  26  2:28  Stalker (Chrono Boost)  
  27  2:35  Probe (Chrono Boost)  
  30  2:43  Probe (Chrono Boost)  
  32  2:44  Probe (Chrono Boost)  
  32  2:49  Probe x2 (Chrono Boost)  
  34  2:59  Gateway  
  34  3:01  Gateway  
  34  3:04  Probe x2  
  36  3:05  Resonating Glaives (Chrono Boost)  
  36  3:12  Adept  
  38  3:16  Probe x2  
  40  3:22  Pylon  
  40  3:28  Probe x2  
  40  3:33  Robotics Facility  
  42  3:40  Probe x2  
  42  3:41  Shield Battery  
  44  3:46  Forge  
  44  3:49  Pylon  
  44  3:52  Probe  
  46  4:01  Adept x3  
  51  4:08  Probe x2  
  53  4:10  Pylon  
  53  4:14  Assimilator  
  53  4:17  Assimilator  
  53  4:22  Adept  
  53  4:23  Adept x2  
  59  4:25  Protoss Ground Weapons Level 1 (Chrono Boost)  
  59  4:30  Observer  
  59  4:31  Probe x2  
  62  4:39  Pylon  
  62  4:43  Probe  
  63  4:49  Immortal (Chrono Boost)  
  67  5:00  Gateway  
  67  5:15  Sentry x2  
  67  5:17  Sentry  
  67  5:18  Immortal (Chrono Boost)  
  73  5:24  Gateway  
  73  5:26  Gateway  
  73  5:27  Gateway  
  77  5:32  Gateway  
  77  5:33  Pylon  
  77  5:35  Pylon  
  77  5:47  Pylon  
  77  5:49  Immortal (Chrono Boost)  
  77  5:52  Sentry x2  
  77  5:55  Pylon, Sentry  
  87  6:07  Pylon  
  87  6:08  Sentry  
  87  6:20  Warp Prism (Chrono Boost)  
  89  6:26  Pylon  
  89  6:29  Adept x7  
  89  6:32  Adept  
  105  6:39  Pylon  
  105  6:53  Pylon  
  105  6:54  Adept  
  107  7:08  Adept x6  
  101  7:11  Sentry  
Show
View Real Time Build Order
Export as new Build Order

Denver Zerg - Winner!

Build Orders: Hatch First 

Get SALT Encoding   

  12  0:00  Drone  
  13  0:12  Overlord  
  13  0:16  Drone  
  14  0:30  Drone x2  
  16  0:48  Hatchery  
  15  0:51  Drone  
  15  0:54  Drone  
  17  0:58  Drone  
  18  1:08  Extractor  
  17  1:14  Spawning Pool  
  17  1:17  Drone  
  17  1:20  Drone  
  18  1:27  Drone  
  19  1:39  Drone  
  20  1:51  Overlord  
  20  2:01  Zergling x2, Queen x2  
  22  2:02  Zergling x2  
  26  2:10  Metabolic Boost  
  26  2:11  Drone  
  26  2:12  Drone  
  28  2:21  Drone  
  29  2:32  Hatchery  
  29  2:34  Drone  
  29  2:35  Drone  
  30  2:39  Drone  
  31  2:45  Queen  
  31  2:50  Overlord  
  33  2:52  Drone  
  33  2:55  Drone  
  33  2:57  Drone  
  35  3:09  Drone x6  
  41  3:13  Overlord  
  41  3:18  Drone  
  42  3:28  Overlord  
  42  3:29  Drone  
  42  3:31  Queen  
  42  3:32  Drone x2  
  47  3:37  Roach Warren  
  46  3:42  Drone x3, Extractor  
  46  3:45  Drone  
  46  3:46  Drone  
  46  3:47  Drone  
  51  3:53  Overlord  
  51  3:55  Zergling x2  
  51  3:56  Zergling x4  
  51  3:57  Zergling x2  
  55  4:07  Drone x4  
  55  4:09  Spore Crawler  
  58  4:10  Spore Crawler  
  57  4:18  Roach x3  
  63  4:25  Roach x3  
  63  4:29  Overlord  
  69  4:32  Zergling x4  
  71  4:40  Ravager  
  71  4:41  Overlord  
  71  4:42  Ravager, Zergling x2  
  74  4:49  Zergling x14  
  81  4:55  Drone x2  
  82  5:00  Overlord  
  82  5:03  Drone x4  
  82  5:06  Extractor  
  85  5:08  Drone x2  
  85  5:10  Overlord  
  85  5:11  Overlord  
  87  5:20  Overlord x2  
  86  5:24  Drone  
  86  5:25  Drone x2, Extractor  
  88  5:29  Roach x3  
  88  5:33  Ravager x2  
  96  5:37  Queen x2  
  96  5:40  Roach x4  
  108  5:46  Overlord  
  108  5:54  Ravager, Roach x2  
  108  5:56  Roach  
  115  5:58  Overlord  
  115  6:05  Zergling x10  
  119  6:15  Zergling x8  
  119  6:16  Zergling x14  
  125  6:21  Roach x2  
  125  6:22  Lair  
  129  6:27  Ravager x2  
  129  6:28  Roach  
  129  6:29  Overlord  
  133  6:32  Overlord  
  133  6:33  Spine Crawler  
  131  6:43  Evolution Chamber  
  136  6:47  Roach x3  
  136  6:50  Roach x5  
  136  6:51  Roach  
  136  6:52  Overlord  
  148  6:57  Ravager  
  146  7:06  Zergling x18  
  141  7:11  Zergling x2  
  141  7:14  Ravager  
  141  7:15  Zergling x4  

Tags
 
Add a new tag
Caveats
  • Supply blocks, unpowered buildings, or Contaminate may cause inaccurate times.
  • Supply counts are checked every 10 seconds.